 Dungeon Crawl Stone Soup version 0.30.0-3-ga4e48a9924 (webtiles) character file.

Game seed: 7549774016827545962

289 jimonade the Cutter (level 6, -3/38 HPs)
             Began as a Kobold Monk on May 7, 2023.
             Slain by Menkaure (14 damage)
             ... on level 4 of the Dungeon.
             The game lasted 00:04:34 (3695 turns).

jimonade the Cutter (Kobold Monk)                   Turns: 3695, Time: 00:04:35

Health: -3/38      AC:  8    Str:  8    XL:     6   Next: 58%
Magic:  2/2        EV:  7    Int: 11    God:
Gold:   245        SH:  0    Dex: 20    Spells: 5/5 levels left

rFire   . . .        x - +1 hand axe (antimagic)
rCold   . . .        d - orb {light}
rNeg    . . .        s - +0 chain mail
rPois   .            (no helmet)
rElec   .            (no cloak)
rCorr   .            (no gloves)
SInv    .            (no boots)
Will    .....        (no amulet)
Stlth   +            (no ring)
HPRegen 0.26/turn    (no ring)
MPRegen 0.08/turn

%: no passive effects
@: glowing
A: small, no large weapons, nightstalker 3
a: no special abilities


You were on level 4 of the Dungeon.
You visited 1 branch of the dungeon, and saw 4 of its levels.

You collected 245 gold pieces.

Inventory:

Hand Weapons
 a - a +0 dagger of venom
 t - a +6 mace
 x - a +1 antimagic hand axe (weapon)
 y - a +0 short sword
Missiles
 m - 2 boomerangs
 o - 11 poisoned darts (quivered)
 u - 5 atropa-tipped darts
Armour
 b - a +0 robe
 d - an orb of light (worn)
 k - a +0 leather armour
 s - a +0 chain mail (worn)
 z - a +0 scale mail
Magical Staves
 A - a staff of conjuration
Wands
 p - a wand of digging (5)
Scrolls
 e - a scroll of fog {unknown}
 g - 2 scrolls of identify {unknown}
 j - 3 scrolls of immolation {unknown}
 q - a scroll of noise {unknown}
 r - a scroll of teleportation {unknown}
 v - a scroll of poison {unknown}
Potions
 c - 3 potions of ambrosia
 f - 3 potions of curing {unknown}
 h - a potion of heal wounds {unknown}
 i - a potion of haste {unknown}
 l - a potion of might {unknown}
 n - 2 potions of flight {unknown}
 w - a potion of degeneration {unknown}
 B - a potion of invisibility {unknown}


   Skills:
 + Level 4.1 Fighting
 + Level 6.4 Short Blades
 + Level 2.0 Armour
 + Level 4.7 Dodging
 + Level 2.4 Stealth


You had 5 spell levels left.
You didn't know any spells.
Your spell library contained the following spells:

 Spells                   Type           Power      Damage    Failure   Level
 Magic Dart               Conj           0%         1d3       100%        1
 Call Imp                 Summ           0%         N/A       100%        2
 Mephitic Cloud           Conj/Pois/Air  0%         N/A       100%        3


Dungeon Overview and Level Annotations

Branches:
Dungeon (4/15)
 Temple: D:4-7

Altars:
Zin

Shops:
D:3 *

Annotations:
D:2 Eustachio
D:4 Menkaure


Innate Abilities, Weirdness & Mutations

You are small and have problems with some larger weapons.
You are completely attuned to the shadows.


Message History

The adder is severely wounded.
You feel sick.
You kill the adder!
Your Armour skill increases to level 2!
No target in view!
No target in view!
You feel sick.
You feel sick.
You feel sick.
You feel sick.
You are no longer poisoned.
Menkaure, Prince of Dust comes into view.
Menkaure shouts!
Your +0 dagger of venom stops dripping with poison.
You feel magic leave you.
x - a +1 antimagic hand axe (weapon)
You hit Menkaure.
Menkaure's magic leaks into the air.
Menkaure is moderately damaged.
Menkaure hits you! Menkaure barely misses you.
You hit Menkaure but do no damage.
Menkaure is moderately damaged.
Menkaure hits you!
You hit Menkaure but do no damage.
Menkaure is moderately damaged.
Menkaure barely misses you.
You hit Menkaure but do no damage.
Menkaure is moderately damaged.
Menkaure falters for a moment.
You hit Menkaure.
Menkaure's magic leaks into the air.
Menkaure is heavily damaged.
Menkaure hits you!
* * * LOW HITPOINT WARNING * * *
You hit Menkaure.
Menkaure's magic leaks into the air.
Menkaure is heavily damaged.
Menkaure hits you but does no damage.
You completely miss Menkaure.
Menkaure is heavily damaged.
Menkaure hits you!
You die...

#..... #.... #.... #.### #.###
#..<# ## ###.. .#
#############... ...... #).
...........@..# #####. ...
...........M...# #. ...
.....#########.. .)#######. ##.
......#############........#
###.#....................... ###
........########........... .)##
###..........# #..........#
...#########......####.........##
....#......#####.....#.........#


You could see Menkaure (magic disrupted).

Vanquished Creatures
  2 orc priests (D:4)
  A hound (D:4)
  A jelly (D:4)
  A sleepcap (D:4)
  An orc wizard (D:4)
  6 adders
  2 dart slugs
  10 orcs
  5 bats
  2 endoplasms
  A giant cockroach (D:1)
  3 goblins
  4 hobgoblins
  A quokka (D:1)
  6 ball pythons
  A frilled lizard (D:1)
  7 kobolds
  7 rats
61 creatures vanquished.

Notes
Turn   | Place    | Note
-------+----------+-------------------------------------------
     0 | D:1      | jimonade the Kobold Monk began the quest for the Orb.
     0 | D:1      | Reached XP level 1. HP: 14/14 MP: 1/1
   261 | D:1      | Reached XP level 2. HP: 18/19 MP: 2/2
  1109 | D:2      | Reached XP level 3. HP: 23/23 MP: 3/3
  1287 | D:2      | Reached skill level 1 in Stealth
  1383 | D:2      | Reached skill level 5 in Short Blades
  1431 | D:2      | Reached XP level 4. HP: 29/29 MP: 4/4
  2422 | D:3      | Found Zin's Purification Station.
  2425 | D:3      | Found a glowing silver altar of Zin.
  2731 | D:4      | Noticed Eustachio
  2938 | D:4      | Reached XP level 5. HP: 33/33 MP: 5/5
  2958 | D:4      | Reached skill level 1 in Armour
  3000 | D:4      | Reached skill level 6 in Short Blades
  3000 | D:4      | Reached XP level 6. HP: 29/38 MP: 6/6
  3685 | D:4      | Noticed Menkaure
  3695 | D:4      | Slain by Menkaure

Illustrated notes

Levels and vault maps discovered:
D:1:      minmay_arrival_four_houses, layout_basic
D:2:      layout_loops_ring
D:3:      layout_rooms, zin_purify
D:4:      layout_rooms, serial_shops, nicolae_shop_stone, uniq_eustachio,
          uniq_menkaure

Skill      XL: |  1  2  3  4  5  6 |
---------------+-------------------+-----
Dodging        | 4 |  4.7
Stealth        | 1 2 |  2.4
Short Blades   | 5 6 |  6.4
Armour         | 1 2 |  2.0
Fighting       | 4 |  4.1

Action                     |  1- 3 |  4- 6 || total
---------------------------+-------+-------++-------
  Melee: Short sword       |    89 |   130 ||   219
         Dagger            |       |    41 ||    41
         Hand axe          |       |     7 ||     7
   Stab: Sleeping          |     3 |     2 ||     5
 Armour: Robe              |     7 |       ||     7
         Leather armour    |       |    19 ||    19
         Chain mail        |       |    15 ||    15
  Dodge: Dodged            |    56 |   120 ||   176
